cohdb
Replays
Latest Replays
All Replays
Popular Replays
Top Player Replays
Match Explorer
How It Works
Community
CoH3 Stats
Reddit
Sign in to upload your games and track your stats! →
Sign in with Steam
Match 42546855
Unlisted
Match 42546855
Overview
Messages
Build Orders
End
Construct Weapon Support Center
Engineer Squad
M1919 Machine Gun Team
Bazooka Squad
M1919 Machine Gun Team
Construct Barracks
M1 Mortar Team
Selects Airborne Battlegroup
Selects Pathfinders
Selects Paratrooper Squad Paradrop
Paratrooper Squad Paradrop
Paratrooper Squad Paradrop
Infantry Support Center
Selects Anti-tank Gun Team Paradrop
Anti-tank Gun Team Paradrop
Nukepapa
Novacaine
SerikaOnoe
secyde
0
0
Comments
sign in to comment!
No comments posted yet!